 Dungeon Crawl Stone Soup version 0.32-a0-975-g85d4e5bfdb (webtiles) character file.

Game seed: 9200556683475874238

126814 jasper the Spear-Bearer (level 16, -3/145 HPs)
             Began as a Demonspawn Fighter on Apr 19, 2024.
             Was the Champion of Ashenzari.
             Incinerated by a smoke demon (18 damage)
             ... with a pyre arrow
             ... on level 3 of the Swamp on Apr 20, 2024.
             The game lasted 01:01:04 (30368 turns).

jasper the Spear-Bearer (Demonspawn Fighter)       Turns: 30368, Time: 01:01:05

Health: -3/145     AC: 35    Str: 21    XL:     16   Next: 44%
Magic:  17/17      EV: 21    Int:  9    God:    Ashenzari [******]
Gold:   1593       SH: 21    Dex: 22    Spells: 16/16 levels left

rFire   x . .        G - +4 trident of Ashenzari's Soothsayer {drain, Self, Cun} (curse)
rCold   + + .        C - +1 kite shield of the Manifest Adversity {rN+, Cun, Dev} (curse)
rNeg    + . .        x - +9 ice dragon scales "Thunder Perfect Mind" {rF- rC++, Self, Cun} (curse)
rPois   +            (helmet unavailable)
rElec   .            l - +2 cloak "Overhang to Understand" {rCorr, Self, Dev} (curse)
rCorr   +            Y - +2 pair of gloves "Ensconced Incredulity" {Stlth+, Cun, Elem} (curse)
SInv    +            K - +0 pair of boots "Shattered With Me" {Elem, Cun} (curse)
Will    +....        a - amulet "Restrained With Me" {Reflect SH+5, Melee, Fort} (curse)
Stlth   +            N - ring "Fetters of Ashenzari" {Dex+6, Sorc, Melee} (curse)
HPRegen 0.44/turn    S - ring of the Omniscient Loss {rPois, Fort, Elem} (curse)
MPRegen 0.15/turn

%: reflection, clarity
@: on fire, about to teleport, flying, slowed, glowing, studying Unarmed Combat,
very slow
A: antennae 3, slimy green scales 1, ignite blood 3, foul shadow 1
a: Renounce Religion, Shatter the Chains


You were on level 3 of the Swamp.
You worshipped Ashenzari.
Ashenzari was exalted by your worship.
You visited 4 branches of the dungeon, and saw 25 of its levels.
You also visited: Bailey, Gauntlet and Ice Cave.

You collected 3344 gold pieces.
You spent 1751 gold pieces at shops.

Inventory:

Hand Weapons
 G - the cursed +4 trident of Ashenzari's Soothsayer (weapon) {drain, Self, Cun}
   (You took it off Jeremiah on level 8 of the Dungeon)

   It has a curse which improves the following skills: Introspection: Fighting
   and Spellcasting.
   Cunning:   Dodging and Stealth.
Missiles
 b - 18 javelins
 c - 8 boomerangs
 R - 18 curare-tipped darts
Armour
 l - the cursed +2 cloak "Overhang to Understand" (worn) {rCorr, Self, Dev}
   (You found it on level 2 of the Swamp)

   It has a curse which improves the following skills: Introspection: Fighting
   and Spellcasting.
   Devices:   Evocations and Shapeshifting.
 x - the cursed +9 ice dragon scales "Thunder Perfect Mind" (worn) {rF- rC++, Self, Cun}
   (You found it in an ice cave)

   rF-:       It makes you vulnerable to fire.
   rC++:      It greatly protects you from cold.
   It has a curse which improves the following skills: Introspection: Fighting
   and Spellcasting.
   Cunning:   Dodging and Stealth.
 C - the cursed +1 kite shield of the Manifest Adversity (worn) {rN+, Cun, Dev}
   (You bought it in a shop on level 14 of the Dungeon)

   It has a curse which improves the following skills: Cunning: Dodging and
   Stealth.
   Devices:   Evocations and Shapeshifting.
 K - the cursed +0 pair of boots "Shattered With Me" (worn) {Elem, Cun}
   (You found it on level 9 of the Dungeon)

   It has a curse which improves the following skills: Elements: Fire Magic, Ice
   Magic, Air Magic and Earth Magic.
   Cunning:   Dodging and Stealth.
 Y - the cursed +2 pair of gloves "Ensconced Incredulity" (worn) {Stlth+, Cun, Elem}
   (You found it in a Gauntlet)

   It has a curse which improves the following skills: Cunning: Dodging and
   Stealth.
   Elements:  Fire Magic, Ice Magic, Air Magic and Earth Magic.
Jewellery
 a - the cursed amulet "Restrained With Me" (around neck) {Reflect SH+5, Melee, Fort}
   (You found it on level 10 of the Dungeon)

   [amulet of reflection]

   Reflect:   It reflects blocked missile attacks.
   SH+5:      It affects your SH (+5).
   It has a curse which improves the following skills: Melee Combat: Short
   Blades, Long Blades, Axes, Maces & Flails, Polearms, Staves and Unarmed
   Combat.
   Fortitude: Armour and Shields.
 L - an amulet of regeneration
 N - the cursed ring "Fetters of Ashenzari" (left hand) {Dex+6, Sorc, Melee}
   (You found it on level 10 of the Dungeon)

   [ring of dexterity]

   Dex+6:     It affects your dexterity (+6).
   It has a curse which improves the following skills: Sorcery: Conjurations and
   Alchemy.
   Melee Combat: Short Blades, Long Blades, Axes, Maces & Flails, Polearms,
   Staves and Unarmed Combat.
 S - the cursed ring of the Omniscient Loss (right hand) {rPois, Fort, Elem}
   (You took it off Erica on level 10 of the Dungeon)

   [ring of poison resistance]

   rPois:     It protects you from poison.
   It has a curse which improves the following skills: Fortitude: Armour and
   Shields.
   Elements:  Fire Magic, Ice Magic, Air Magic and Earth Magic.
Wands
 d - a wand of mindburst (8)
 r - a wand of flame (14)
 t - a wand of light (9)
 B - a wand of polymorph (14)
 W - a wand of paralysis (10)
 X - a wand of digging (3)
 Z - a wand of roots (9)
Scrolls
 e - 5 scrolls of noise
 h - 11 scrolls of teleportation
 i - 2 scrolls of poison
 k - a scroll of vulnerability
 s - 6 scrolls of fog
 u - 2 scrolls of silence
 A - a scroll of brand weapon
 D - 5 scrolls of amnesia
 E - a scroll of immolation
 H - 8 scrolls of enchant weapon
 I - 2 scrolls of fear
 J - 3 scrolls of butterflies
 M - a scroll of enchant armour
 Q - 5 scrolls of revelation
Potions
 f - 3 potions of degeneration
 g - 6 potions of attraction
 j - 9 potions of mutation
 n - 3 potions of magic
 o - 8 potions of curing
 q - 5 potions of haste
 v - 4 potions of enlightenment
 w - 5 potions of lignification
 z - 2 potions of invisibility
 F - 2 potions of ambrosia
 O - 3 potions of brilliance
 P - 4 potions of resistance
 T - 2 potions of might
 U - 10 potions of heal wounds
 V - a potion of cancellation
Miscellaneous
 m - a lightning rod (inert)
 p - a phantom mirror


   Skills:
 + Level 13.7(18.4) Fighting
 - Level 14.0(17.5) Polearms
 + Level 12.6(16.1) Armour
 + Level 12.2(18.8) Dodging
 + Level 1.4(5.3) Stealth
 + Level 12.6(16.1) Shields
 + Level 1.4(3.7) Evocations


You had 16 spell levels left.
You didn't know any spells.
Your spell library contained the following spells:

 Spells                   Type           Power      Damage    Failure   Level
 Foxfire                  Conj/Fire      4%         2x1d4     71%         1
 Sting                    Conj/Alch      0%         1d3       75%         1
 Slow                     Hex            0%         N/A       78%         1
 Summon Small Mammal      Summ           0%         N/A       78%         1
 Mercury Vapours          Alch/Air       2%         N/A       85%         2
 Mephitic Cloud           Conj/Alch/Air  1%         N/A       97%         3
 Call Canine Familiar     Summ           0%         N/A       98%         3
 Confusing Touch          Hex            0%         N/A       98%         3
 Inner Flame              Hex/Fire       0%         N/A       98%         3
 Vampiric Draining        Necr           0%         2d6       98%         3
 Anguish                  Hex/Necr       0%         N/A       100%        4
 Brom's Barrelling Bould  Conj/Erth      1%         2d3       100%        4
 Flame Wave               Conj/Fire      1%         2d4       100%        4
 Olgreb's Toxic Radiance  Alch           0%         N/A       100%        4
 Sticky Flame             Fire/Alch      1%         2d4       100%        4
 Summon Blazeheart Golem  Fire/Summ      0%         N/A       100%        4
 Freezing Cloud           Conj/Ice/Air   0%         6-21      100%        5
 Bombard                  Conj/Erth      0%         9d1       100%        6
 Starburst                Conj/Fire      0%         6d3       100%        6
 Seismic Cannonade        Alch/Erth      0%         6d4       100%        7


Dungeon Overview and Level Annotations

Branches:
Dungeon (15/15)            Temple (0/1) D:6            Lair (5/5) D:10
  Swamp (3/4) Lair:2        Snake (0/4) Lair:3        Slime (0/5) Lair:5
    Orc (2/2) D:12            Elf (0/3) Orc:2        Vaults (0/5) D:14
 Depths (0/4) D:15         Bailey (visited)           IceCv (visited)
Gauntlet (visited)

Altars:
Ashenzari
Dithmenos
Fedhas
Gozag
Kikubaaqudgha
Makhleb
Okawaru
Uskayaw
Vehumet
Xom

Shops:
D:1 :   D:4 (   D:6 =   D:8 ?   D:14 [   Orc:1 ?   Orc:2 !?[?

Portals:
Trove: D:11 (give 17 scrolls of teleportation)

Annotations:
D:5 2 transporters, snarfax's ghost, novice CoBe
D:11 3 transporters, D0namaru's ghost, journeyman TeGl
D:13 3 runed translucent doors, Swimmer's ghost, journeyman MDFi
Lair:4 2 runed translucent doors, Teoch's ghost, journeyman DECj
Swamp:3 Mlioglotl


Innate Abilities, Weirdness & Mutations

You have a pair of large antennae on your head. (SInv)
You are partially covered in slimy green scales. (AC +2)
Your demonic aura causes all spilled blood to erupt in flames.
You are faintly shadowed, very rarely releasing foul flame when damaged in melee.


Message History

The small abomination completely misses you.
The smoke demon misses you. x2; The smoke demon completely misses you.
The tentacled starspawn misses you. x2
The balrug gestures at you. The bolt of fire hits you.
* * * LOW HITPOINT WARNING * * *
The bolt of fire hits the smoke demon.
The smoke demon resists.
The demonic tree burns, releasing chaotic energy.
The smoke demon hits you.
* * * LOW HITPOINT WARNING * * *
The smoke demon is seared by the foul flame within you.
The smoke demon resists.
The smoke demon is lightly wounded.
The smoke demon hits you but does no damage. x2
A starspawn tentacle comes into view.
You take 17 damage, and have 23/145 hp.
You feel better. The liquid fire burns you!
* * * LOW HITPOINT WARNING * * *
The thrashing horror tramples you but does no damage.
The thrashing horror misses you. You block Mlioglotl's attack.
Mlioglotl misses you. The thrashing horror barely misses you.
You block the thrashing horror's attack.
You block the large abomination's attack.
The small abomination misses you. The balrug misses you.
Mlioglotl hits you but does no damage.
Mlioglotl tramples you but does no damage.
The smoke demon completely misses you.
The smoke demon hits you but does no damage. x2
The thrashing horror misses you.
The thrashing horror tramples you but does no damage.
The smoke demon hits you but does no damage.
The smoke demon completely misses you.
The smoke demon hits you but does no damage.
The large abomination hits you but does no damage.
You take 17 damage, and have 6/145 hp.
Okay, then.
You feel better. The liquid fire burns you!
You die...

♣♣♣§♣~...)♣,,*,~** ♣♣♣♣♣≈≈♣.~.≈≈
.~~♣*♣.♣♣.♣..♣.♣* ♣♣.♣♣≈≈♣..♣≈≈≈
♣♣♣~<♣♣♣..♣..♣.♣ ♣♣....≈≈..≈♣≈≈≈
♣ **..~,..♣≈.≈.* ♣~~.~.≈≈♣†♣≈≈.♣
♣♣*~~~~~~.♣♣...♣♣♣♣..~.♣≈≈..♣≈♣..
.♣**~~♣~~..♣.≈*♣§♣..♣~~♣≈≈...~.~≈
.♣**~~~§~♣.♣.♣♣♣.~.~<..♣≈≈.~..≈≈.
~♣♣.~~~.~..♣.♣♣h33#§♣..♣≈≈≈♣♣≈≈≈~
♣..~....~#.≈.SxX@X♣♣♣♣.♣♣≈≈≈≈≈≈~≈
*♣♣~~~~..~!..~♣X2X♣ ♣~.♣≈≈≈≈≈≈~.
♣♣♣~~~~~~~~..~~♣w♣♣ ♣~.♣♣≈≈≈≈~..
♣.♣~~~~.~~~..~~.♣♣ ♣~.^♣≈≈≈♣..≈
X..~~~§>~♣~~~♣~♣♣ ♣♣~.♣♣♣≈≈≈.≈≈
~~~.~~§...♣~.♣~♣* ♣~~>♣ ♣≈≈♣.♣≈
.~#{~~{~~..~.♣~.* ♣♣.<♣ ♣≈♣♣.♣♣
.~.~.~h~.~♣.♣♣♣.♣ ♣♣†♣♣♣♣♣†..♣
.†♣#..♣♣♣~~..**,* ♣..♣♣♣.....


You could see Mlioglotl (strong), a tentacled starspawn (summoned), a balrug
(summoned), a thrashing horror (summoned), a large abomination (summoned), a
guardian serpent (summoned), 2 smoke demons, a raiju (summoned), a small
abomination (summoned) and a starspawn tentacle.

Vanquished Creatures
  A sphinx (D:12)
  Kirke (D:13)
  2 thorn hunters (Swamp:1)
  A ghoul (Swamp:3)
  A stone giant (D:15)
  The ghost of Omeuboge the Warrior, a journeyman FeDe of Wu Jian (Swamp:2)
  2 eleionomae
  A minotaur (Gauntlet)
  Snorg (D:14)
  A fire dragon (D:12)
  Josephine (Lair:5)
  A shambling mangrove (Swamp:2)
  An ice dragon (IceCv)
  A rakshasa (D:14)
  A vault guard (D:11)
  3 ghost crabs
  14 hydras
  5 catoblepae
  A spriggan air mage (Swamp:1)
  5 boulder beetles
  9 centaur warriors
  Erica (D:10)
  6 alligators
  4 two-headed ogres
  3 tengu warriors
  7 death yaks (Lair:5)
  2 orc high priests (Orc:2)
  Urug (D:13)
  A soul eater (Gauntlet)
  Nergalle (D:11)
  A skeletal warrior (D:12)
  Lodul (D:14)
  2 goliath frogs
  2 spriggan druids
  4 swamp dragons
  An arcanist (D:15)
  A bog body (Swamp:3)
  3 steelbarb worms (Swamp:3)
  Pikel (D:4)
  3 deep elf pyromancers
  3 obsidian bats (Orc:2)
  2 ugly things
  6 orc knights
  4 manticores
  4 orc sorcerers (Orc:2)
  Joseph (Lair:1)
  7 cyclopes
  3 kobold blastminers (Orc:1)
  2 will-o-the-wisps
  2 ice statues (IceCv)
  5 black mambas
  A torpor snail (Lair:5)
  Jeremiah (D:8)
  A minotaur zombie (Gauntlet)
  2 gargoyles
  5 cane toads
  An unseen horror (D:13)
  A kobold demonologist (Orc:1)
  8 rime drakes
  7 komodo dragons
  A tengu conjurer (D:14)
  An efreet (D:14)
  3 trolls
  3 polar bears
  A wind drake (shapeshifter) (D:12)
  Grinder (D:5)
  31 blink frogs
  9 tyrant leeches
  12 hornets
  9 slime creatures
  6 shadows
  2 wyverns
  3 vampires
  50 yaks
  6 basilisks
  11 spriggans
  7 wraiths
  A basilisk (shapeshifter) (D:14)
  3 hogs (D:13)
  16 humans (D:14)
  A steam dragon (D:8)
  10 vampire mosquitoes
  A warg (Orc:2)
  Menkaure (D:6)
  Edmund (D:5)
  3 acid dragons
  2 nagas (Lair:3)
  18 swamp worms
  15 water moccasins
  21 orc warriors
  7 ice beasts
  2 swamp drakes
  2 black bears
  A laughing skull (D:12)
  A sky beast (D:7)
  6 ogres
  17 wolves
  5 centaurs
  2 lemures (D:4)
  2 phantoms
  19 kobold brigands
  11 bullfrogs
  2 scorpions (D:5)
  2 gnoll sergeants
  12 wights
  3 killer bees (D:11)
  3 lindwurm simulacra (IceCv)
  2 howler monkeys
  4 electric eels
  A bombardier beetle (D:5)
  3 lava snakes (Lair:2)
  9 komodo dragon simulacra (IceCv)
  4 jellies
  3 hounds (D:5)
  3 gnoll boudas
  22 orc priests
  Crazy Yiuf (D:7)
  Ijyb (D:5)
  Jessica (D:3)
  2 sleepcaps
  6 iguanas
  38 orc wizards
  9 hell rats
  21 gnolls
  4 acid dragon simulacra (IceCv)
  8 adders
  3 shadow imps
  17 white imps
  5 steam dragon simulacra (IceCv)
  2 dart slugs
  2 ribbon worms
  77 orcs
  8 endoplasms
  7 giant cockroaches
  7 goblins
  6 hobgoblins
  8 jackals
  6 quokkas
  4 ball pythons
  7 bats
  4 frilled lizards
  24 kobolds
  5 rats
845 creatures vanquished.

Vanquished Creatures (others)
  Nessos (D:14)
  Sonja (D:10)
  A bloated husk (Swamp:1)
  A hornet (Swamp:2)
  A spriggan (Swamp:2)
  A human (D:13)
  A swamp worm (Swamp:2)
  3 orc wizards
  An orc (D:8)
  12 foxfires
  2 starspawn tentacles (Swamp:3)
25 creatures vanquished.

Grand Total: 870 creatures vanquished

Notes
Turn   | Place    | Note
-------+----------+-------------------------------------------
     0 | D:1      | jasper the Demonspawn Fighter began the quest for the Orb.
     0 | D:1      | Reached XP level 1. HP: 18/18 MP: 1/1
    15 | D:1      | Found Zoofasu's Book Emporium.
    42 | D:1      | Reached skill level 2 in Polearms
   453 | D:1      | Gained mutation: You have a pair of small antennae on your
                  | head. [demonic ancestry]
   453 | D:1      | Reached XP level 2. HP: 24/24 MP: 2/2
   793 | D:1      | Reached skill level 3 in Polearms
   961 | D:2      | Gained mutation: Your demonic aura sometimes causes spilled
                  | blood to erupt in flames. [demonic ancestry]
   961 | D:2      | Reached XP level 3. HP: 29/29 MP: 3/3
  1450 | D:2      | Reached skill level 4 in Polearms
  1450 | D:2      | Reached XP level 4. HP: 33/35 MP: 4/4
  1907 | D:3      | Found an ancient bone altar of Kikubaaqudgha.
  2270 | D:3      | Noticed Jessica
  2279 | D:3      | Killed Jessica
  2513 | D:4      | Noticed a scorpion
  2589 | D:3      | Gained mutation: Your demonic aura often causes spilled
                  | blood to erupt in flames. [demonic ancestry]
  2589 | D:3      | Reached XP level 5. HP: 3/41 MP: 5/5
  2916 | D:4      | Reached skill level 5 in Polearms
  3099 | D:4      | Found Eroura's Antique Weapon Emporium.
  3343 | D:4      | Noticed Pikel
  3343 | D:4      | Noticed a lemure
  3343 | D:4      | Noticed a lemure
  3343 | D:4      | Noticed a lemure
  3343 | D:4      | Noticed a lemure
  3350 | D:4      | Killed a lemure
  3354 | D:4      | Killed a lemure
  3354 | D:4      | Killed Pikel
  3355 | D:4      | Reached skill level 7 in Polearms
  3355 | D:4      | Reached XP level 6. HP: 21/47 MP: 6/6
  3355 | D:4      | Reached XP level 7. HP: 23/52 MP: 7/7
  3690 | D:5      | Entered Level 5 of the Dungeon
  3766 | D:5      | Found a hide-covered altar of Uskayaw.
  3949 | D:5      | Reached skill level 8 in Polearms
  4099 | D:5      | Noticed Edmund
  4114 | D:5      | Killed Edmund
  4115 | D:5      | Gained mutation: Your demonic aura causes all spilled blood
                  | to erupt in flames. [demonic ancestry]
  4115 | D:5      | Reached XP level 8. HP: 34/58 MP: 8/8
  4268 | D:5      | Reached skill level 9 in Polearms
  4520 | D:5      | Found a transporter.
  4523 | D:5      | Noticed snarfax's ghost (novice CoBe)
  4524 | D:5      | Found a transporter.
  4570 | D:5      | Noticed Grinder
  4571 | D:5      | Noticed Ijyb
  4572 | D:5      | Paralysed by Grinder for 3 turns
  4575 | D:5      | Killed Grinder
  4582 | D:5      | Killed Ijyb
  4584 | D:5      | Reached skill level 10 in Polearms
  5111 | D:6      | Found a broken altar of Ashenzari.
  5116 | D:6      | Became a worshipper of Ashenzari the Shackled
  5190 | D:6      | Found an iron altar of Okawaru.
  5190 | D:6      | Noticed Menkaure
  5205 | D:6      | Killed Menkaure
  5206 | D:6      | Reached skill level 11 in Polearms
  5206 | D:6      | Reached XP level 9. HP: 16/63 MP: 9/9
  5555 | D:6      | Found a staircase to the Ecumenical Temple.
  5607 | D:6      | Found Cezi's Jewellery Emporium.
  6057 | D:7      | Reached skill level 12 in Polearms
  6158 | D:7      | Reached skill level 1 in Dodging
  6498 | D:7      | Identified the +0 robe of Ovyom {Harm MP+9 Dex+4 Stlth-}
  6656 | D:7      | Found a runed translucent door.
  6657 | D:7      | Noticed Crazy Yiuf
  6662 | D:7      | Killed Crazy Yiuf
  6989 | D:8      | Reached * piety under Ashenzari
  7007 | D:8      | Noticed Jeremiah
  7007 | D:8      | Noticed a two-headed ogre
  7011 | D:8      | Killed a two-headed ogre
  7012 | D:8      | Reached XP level 10. HP: 74/74 MP: 10/10
  7025 | D:8      | Killed Jeremiah
  7353 | D:8      | Noticed a two-headed ogre
  7360 | D:8      | Killed a two-headed ogre
  7361 | D:8      | Reached skill level 5 in Fighting
  7460 | D:8      | Identified the +2 hand axe of World Downfall {holy, *Rage
                  | rN+ Will+++ SInv}
  7794 | D:8      | Found Ynogudeinn's Magic Scroll Shoppe.
  7797 | D:8      | Bought a scroll of teleportation for 45 gold pieces
  7797 | D:8      | Bought a scroll of fear for 60 gold pieces
  7797 | D:8      | Bought a scroll of butterflies for 60 gold pieces
  8318 | D:9      | Found a radiant altar of Vehumet.
  8334 | D:9      | Reached skill level 13 in Polearms
  8500 | D:9      | Found a flagged portal.
  8509 | Bailey   | Entered a bailey
  8813 | Bailey   | Noticed an orc knight
  8840 | Bailey   | Killed an orc knight
  8927 | Bailey   | Noticed an orc knight
  8927 | Bailey   | Noticed an orc knight
  8940 | Bailey   | Killed an orc knight
  8941 | Bailey   | Gained mutation: You are partially covered in slimy green
                  | scales. (AC +2) [demonic ancestry]
  8941 | Bailey   | Reached XP level 11. HP: 73/80 MP: 11/11
  8949 | Bailey   | Killed an orc knight
  8956 | Bailey   | Reached skill level 14 in Polearms
  9072 | D:9      | Found a shadowy altar of Dithmenos.
  9514 | D:10     | Entered Level 10 of the Dungeon
  9949 | D:10     | Reached skill level 5 in Armour
  9949 | D:10     | Reached skill level 5 in Shields
  9953 | D:10     | HP: 1/80 [rime drake/icy flash freeze (24)]
 10300 | D:10     | Found a staircase to the Lair.
 10361 | D:10     | Reached ** piety under Ashenzari
 10421 | D:10     | Noticed Sonja
 10438 | D:10     | Killed Sonja
 10576 | D:10     | Found a shimmering altar of Xom.
 10577 | D:10     | Noticed Erica
 10592 | D:10     | Killed Erica
 10671 | D:10     | Found a blossoming altar of Fedhas.
 10793 | D:10     | Found an opulent altar of Gozag.
 10796 | D:10     | Found a broken altar of Ashenzari.
 11100 | D:11     | Found a transporter.
 11139 | D:11     | Found a transporter.
 11152 | D:11     | Noticed a green ugly thing
 11173 | D:11     | Killed a green ugly thing
 11174 | D:11     | Noticed Nergalle
 11193 | D:11     | Killed Nergalle
 11426 | D:11     | Noticed a deep elf knight
 11431 | D:11     | Reached skill level 5 in Dodging
 11473 | D:11     | Noticed a vault guard
 11485 | D:11     | Killed a vault guard
 11490 | D:11     | Found a portal to a secret trove of treasure.
 11538 | D:11     | Found a transporter.
 11539 | D:11     | Identified the +2 sling of the Spider Nest {flame, *Slow
                  | rElec Will- Str+7}
 11612 | D:11     | Noticed a two-headed ogre
 11674 | D:11     | Found a transporter.
 11674 | D:11     | Noticed an occultist
 11732 | D:11     | Noticed D0namaru's ghost (journeyman TeGl)
 12152 | D:11     | Reached *** piety under Ashenzari
 12279 | D:11     | Reached XP level 12. HP: 81/94 MP: 12/12
 12483 | D:12     | Noticed a two-headed ogre
 12492 | D:12     | Killed a two-headed ogre
 12540 | D:12     | Noticed a boulder beetle
 12568 | D:12     | Killed a boulder beetle
 12578 | D:12     | Noticed a boulder beetle
 12642 | Lair:1   | Entered Level 1 of the Lair of Beasts
 12655 | Lair:1   | Noticed Joseph
 12670 | Lair:1   | Killed Joseph
 13522 | Lair:2   | Noticed a five-headed hydra
 13529 | Lair:2   | Killed a five-headed hydra
 13549 | Lair:2   | Found a dark tunnel.
 13573 | Lair:2   | Found a gate leading to a gauntlet.
 13582 | Gauntlet | Entered a Gauntlet
 13582 | Gauntlet | Found a transporter.
 13582 | Gauntlet | Found a transporter.
 13588 | Gauntlet | Found a transporter.
 13600 | Gauntlet | Found a transporter.
 13616 | Gauntlet | Noticed a blizzard demon
 13618 | Gauntlet | Found a transporter.
 13618 | Gauntlet | Found a transporter.
 13618 | Gauntlet | Found a transporter.
 13620 | Gauntlet | Found a transporter.
 13620 | Gauntlet | Found a transporter.
 13631 | Gauntlet | Identified the +1 hat of Bovaupn {+Inv rElec}
 13632 | Gauntlet | Found a transporter.
 13648 | Gauntlet | Found a transporter.
 13658 | Gauntlet | Found a transporter.
 13659 | Gauntlet | Identified the +2 hat of the Armadillo {Int+3 Dex-4 Slay+2}
 13660 | Gauntlet | Found the +7 Spriggan's Knife {stab, EV+4 Stlth+}
 13668 | Gauntlet | Found a transporter.
 13696 | Gauntlet | Identified the amulet "Hytua" {RegenMP+ Int+4 Dex+3}
 13702 | Gauntlet | Found a transporter.
 13703 | Gauntlet | Found a runed translucent door.
 13811 | Gauntlet | HP: 2/97 [blizzard demon/bolt of lightning (45)]
 14156 | Gauntlet | Identified the +3 ring mail "Zoohesac" {+Inv Dex-4 Stlth+}
 14156 | Gauntlet | Noticed a minotaur
 14160 | Gauntlet | Identified the granite talisman of the Trout {Fly Will+
                  | SInv}
 14179 | Gauntlet | Killed a minotaur
 14385 | Gauntlet | Identified the cursed +0 pair of boots "Shattered With Me"
                  | {Elem, Cun} (You found it on level 9 of the Dungeon)
 14385 | Gauntlet | Identified the cursed +0 plate armour of Cremastomancy
                  | {Dev, Fort} (You took it off an orc warrior in a bailey)
 14632 | Lair:2   | Noticed a boulder beetle
 14646 | Lair:2   | Killed a boulder beetle
 14911 | Lair:2   | Gained mutation: You have a pair of antennae on your head.
                  | [demonic ancestry]
 14911 | Lair:2   | Reached XP level 13. HP: 89/104 MP: 13/13
 14974 | Lair:2   | Found a staircase to the Swamp.
 14974 | Lair:2   | Noticed an eleionoma
 14984 | Lair:2   | Killed an eleionoma
 16420 | Lair:3   | Found a staircase to the Snake Pit.
 16851 | Lair:3   | Reached **** piety under Ashenzari
 17235 | Lair:4   | Reached skill level 10 in Fighting
 17452 | Lair:4   | Found a large runed translucent door.
 17452 | Lair:4   | Found a large runed translucent door.
 17465 | Lair:4   | Noticed Teoch's ghost (journeyman DECj)
 17465 | Lair:4   | Identified the +9 ring mail of the Jabberwock {rPois rN+
                  | Stlth+}
 17645 | Lair:4   | Found a frozen archway.
 17696 | IceCv    | Entered an ice cave
 19034 | Lair:5   | Entered Level 5 of the Lair of Beasts
 19230 | Lair:5   | Identified the +4 scale mail of Ygarhienya {rC+ Str-5 Dex+3
                  | Stlth-}
 19384 | Lair:5   | Found a staircase to the Slime Pits.
 19399 | Lair:5   | Gained mutation: You are faintly shadowed, very rarely
                  | releasing foul flame when damaged in melee. [demonic
                  | ancestry]
 19399 | Lair:5   | Reached XP level 14. HP: 115/115 MP: 14/14
 19524 | Lair:5   | Noticed Josephine
 19568 | Lair:5   | Killed Josephine
 19883 | Lair:5   | Reached skill level 10 in Armour
 19884 | Lair:5   | Reached skill level 10 in Shields
 20621 | D:12     | Noticed a sphinx
 20629 | D:12     | Killed a sphinx
 20983 | D:12     | Reached skill level 10 in Dodging
 21056 | D:12     | Identified the +4 hand axe of Hussoc {freeze, Int+3 Dex+2}
 21065 | D:12     | Reached ***** piety under Ashenzari
 21118 | D:12     | Found a staircase to the Orcish Mines.
 21561 | D:12     | Identified the Spellbook of Glowing Bones
 21822 | Orc:1    | Entered Level 1 of the Orcish Mines
 21839 | Orc:1    | Found Siurchoff's Magic Scroll Boutique.
 21869 | Orc:1    | Found a burning altar of Makhleb.
 21883 | Orc:1    | Bought a scroll of fog for 68 gold pieces
 21883 | Orc:1    | Bought a scroll of revelation for 127 gold pieces
 21883 | Orc:1    | Bought a scroll of teleportation for 51 gold pieces
 21883 | Orc:1    | Bought a scroll of teleportation for 51 gold pieces
 22219 | Orc:2    | Entered Level 2 of the Orcish Mines
 22538 | Orc:2    | Found a staircase to the Elven Halls.
 22789 | Orc:2    | Gained mutation: You have a pair of large antennae on your
                  | head. (SInv) [demonic ancestry]
 22789 | Orc:2    | Reached XP level 15. HP: 31/129 MP: 15/15
 22807 | Orc:2    | Paralysed by an orc sorcerer for 5 turns
 23121 | Orc:2    | Paralysed by an orc sorcerer for 3 turns
 23179 | Orc:2    | Found Semnoata's Distillery.
 23186 | Orc:2    | Found Cagg's Magic Scroll Emporium.
 23187 | Orc:2    | Found Neusetah's Magic Scroll Shoppe.
 23191 | Orc:2    | Found Vamiwiho's Armour Shoppe.
 23194 | Orc:2    | Bought 2 potions of heal wounds for 150 gold pieces
 23194 | Orc:2    | Bought a potion of curing for 45 gold pieces
 23194 | Orc:2    | Bought a potion of resistance for 150 gold pieces
 23194 | Orc:2    | Bought a potion of heal wounds for 75 gold pieces
 23194 | Orc:2    | Bought a potion of heal wounds for 75 gold pieces
 23194 | Orc:2    | Bought a potion of haste for 150 gold pieces
 23195 | Orc:2    | Bought a scroll of teleportation for 48 gold pieces
 23195 | Orc:2    | Bought a scroll of blinking for 120 gold pieces
 23195 | Orc:2    | Bought a scroll of teleportation for 48 gold pieces
 23196 | Orc:2    | Bought a scroll of fog for 60 gold pieces
 23899 | D:8      | Bought a scroll of enchant armour for 112 gold pieces
 23900 | D:8      | Reached ****** piety under Ashenzari
 24251 | D:13     | Noticed Kirke
 24264 | D:13     | Killed Kirke
 24327 | D:13     | Identified the +7 rapier "Iwkott" {flame, rF++ Int+2 SInv}
 24558 | D:13     | Noticed Urug
 24569 | D:13     | Killed Urug
 24588 | D:13     | Noticed Swimmer's ghost (journeyman MDFi)
 24594 | D:13     | Found a runed translucent gate.
 24594 | D:13     | Found a runed translucent gate.
 24595 | D:13     | Found a runed translucent gate.
 24999 | D:14     | Noticed Nessos
 24999 | D:14     | Noticed Lodul
 24999 | D:14     | Found a gate to the Vaults.
 25012 | D:14     | Killed Lodul
 25030 | D:14     | Killed Nessos
 25149 | D:14     | Noticed Snorg
 25161 | D:14     | Killed Snorg
 25470 | D:14     | Found Zusipp's Armour Emporium.
 25485 | D:14     | Bought a +1 kite shield of positive energy for 256 gold
                  | pieces
 25590 | D:14     | Identified the +11 falchion of Petah {heavy, rElec}
 26048 | D:15     | Entered Level 15 of the Dungeon
 26771 | D:15     | Found a staircase to the Depths.
 27280 | Swamp:1  | Entered Level 1 of the Swamp
 27557 | Swamp:1  | Noticed a thorn hunter
 27577 | Swamp:1  | Killed a thorn hunter
 27872 | Swamp:1  | Found a blossoming altar of Fedhas.
 28144 | Swamp:2  | Noticed a thorn hunter
 28339 | Swamp:1  | Killed a thorn hunter
 28556 | Swamp:2  | Reached XP level 16. HP: 110/139 MP: 16/16
 28825 | Swamp:2  | Found a runed translucent gate.
 28825 | Swamp:2  | Found a runed translucent gate.
 28825 | Swamp:2  | Found a runed translucent gate.
 28831 | Swamp:2  | Noticed Omeuboge's ghost (journeyman FeDe)
 28854 | Swamp:2  | Killed Omeuboge's ghost
 29540 | Swamp:3  | Noticed Mlioglotl
 29930 | Swamp:3  | Reached skill level 1 in Stealth
 29930 | Swamp:3  | Reached skill level 1 in Evocations
 30359 | Swamp:3  | Noticed a tentacled starspawn
 30367 | Swamp:3  | HP: 5/145 [burnt (28)]
 30368 | Swamp:3  | Incinerated by a smoke demon

Illustrated notes

Levels and vault maps discovered:
D:1:      psy_arrival_radial01, layout_basic, serial_shops, shop, minmay_cut_off
D:2:      layout_loops_ring, minmay_tromino_mix6
D:3:      layout_basic, nicolae_kikubaaqudgha_miasma_corner, uniq_jessica
D:4:      layout_basic, serial_shops, nicolae_stop_n_shop_2, uniq_pikel
D:5:      layout_basic, marbit_many_paths, gammafunk_ghost_mausoleum,
          gup_sewer_entry_spiral, uniq_ijyb, uniq_grinder, uniq_edmund
D:6:      layout_loops_cross, minmay_temple_entry_waves, serial_shops, shop,
          mumra_transporter_accident, minmay_misc_feat_secret_circle,
          hangedman_feature_mirror, uniq_menkaure
D:7:      layout_basic, minmay_circle_x, uniq_crazy_yiuf_cottage
D:8:      layout_gridville, serial_shops, nicolae_shop_behind_doors,
          uniq_jeremiah
D:9:      layout_basic, mainiacjoe_overflow_catwalk, lemuel_tele_altar,
          enter_bailey_8, chequers_serial_rivers_small_b
D:10:     layout_long_grid, mainiacjoe_overflow_large_starburst,
          grunt_temple_overflow_open, hellmonk_lair_entry_icy,
          chequers_serial_rivers_micro_a, nicolae_water_bricks, uniq_sonja,
          uniq_erica
D:11:     gammafunk_wand_slinger, layout_irregular_city, enter_trove_5,
          nzn_ghost_randoct, uniq_nergalle
D:12:     layout_irregular_city, hiddenorc2_lemuel, minmay_the_grid_2x2
          [minmay_the_grid_minigrid_small_alt, minmay_the_grid_eight,
          minmay_the_grid_diamond_grid, minmay_the_grid_prize_inner_circle]
D:13:     layout_loops_ring, gammafunk_ghost_split,
          minmay_fractal_squares_diagonal_5, uniq_urug, uniq_kirke
D:14:     layout_irregular_city, david_vaults_3, minmay_door_square,
          minmay_misc_feat_nine_boxes, kennysheep_small_square, uniq_snorg
D:15:     grunt_enter_depths_snipers, layout_layer_cave, minivault_19,
          chequers_serial_rivers_micro_d
Lair:1:   layout_gridlike, lemuel_fruit_tree, uniq_joseph
Lair:2:   layout_cave_pods, alex1729_swamp_entry_worm_eleionoma,
          gauntlet_entry_generic, nicolae_volcano_entry_two_sided,
          hangedman_lair_unloving_vines, nicolae_lair_liquid_snakes
Lair:3:   layout_concentric_octagons, guppyfry_snake_entry_island,
          infiniplex_staircase_pool_2, grunt_megastairs_1
Lair:4:   layout_loops_ring, ebering_ghost_disaster_area,
          portal_ice_cave_entry_imps, grunt_megastairs_4
Lair:5:   evilmike_catoblepas_cave, layout_gridlike, slime_entry_1,
          grunt_megastairs_5, lemuel_fruit_fields, uniq_josephine
Swamp:1:  layout_falls_marsh, nicolae_swamp_godswood, statue_in_the_mist_lemuel
Swamp:2:  cheibrodos_swamp_tower_of_moss, layout_basic_swamp,
          gammafunk_ghost_hydra_chop, evilmike_swamp_ruin_house_4
Swamp:3:  layout_falls_marsh, nicolae_swamp_little_swirl, swamp_pool_4,
          hangedman_swamp_cone, nicolae_swamp_vermiculated,
          nicolae_swamp_tree_isthmus, uniq_nikola, uniq_mlioglotl
Orc:1:    layout_diamond_mine, special_room [special_room_kobold], basic_altar,
          serial_shops, shop
Orc:2:    st_orc_mages, layout_diamond_mine

Skill      XL: |  1  2  3  4  5  6  7  8  9 10 11 12 13 14 15 16 |
---------------+-------------------------------------------------+-----
Polearms       | 2 3 4 7 8 11 12 13 14 | 14.0
Armour         | 4 6 8 9 10 12 | 12.6
Dodging        | 2 3 5 7 9 10 11 12 | 12.2
Shields        | 4 6 8 9 10 12 | 12.6
Fighting       | 4 5 7 8 10 11 13 | 13.7
Stealth        | 1 |  1.4
Evocations     | 1 |  1.4

Action                     |  1- 3 |  4- 6 |  7- 9 | 10-12 | 13-15 | 16-18 || total
---------------------------+-------+-------+-------+-------+-------+-------++-------
  Melee: Trident           |   115 |   109 |   211 |   645 |  1439 |   378 ||  2897
  Throw: Dart              |       |       |       |     1 |       |       ||     1
         Stone             |       |       |       |     4 |       |       ||     4
 Invoke: Curse Item        |       |       |     2 |     4 |     7 |     1 ||    14
         Shatter the Chain |       |       |       |     1 |     3 |     1 ||     5
Ability: Begin Untransform |       |       |       |     1 |       |       ||     1
  Evoke: Wand              |       |     2 |     6 |    20 |     4 |       ||    32
         Lightning rod     |       |       |       |       |     6 |     4 ||    10
    Use: Scroll            |     2 |    10 |     6 |     3 |     9 |     2 ||    32
         Potion            |       |     1 |       |     5 |       |     3 ||     9
   Stab: Paralysed         |       |       |       |     3 |       |       ||     3
         Petrified         |       |       |       |       |     1 |       ||     1
         Sleeping          |       |       |       |       |     3 |     3 ||     6
         Distracted        |       |       |       |       |       |     1 ||     1
 Armour: Scale mail        |    46 |       |       |       |       |       ||    46
         Chain mail        |    28 |    92 |   140 |    55 |       |       ||   315
         Plate armour      |       |       |       |   233 |   142 |       ||   375
         Ice dragon scales |       |       |       |       |   342 |   152 ||   494
  Dodge: Dodged            |    27 |    39 |    56 |   132 |   408 |   193 ||   855
  Block: Buckler           |    22 |    23 |    31 |   188 |     2 |       ||   266
         Reflection        |       |       |       |     5 |    66 |     9 ||    80
         Kite shield       |       |       |       |       |  1119 |   257 ||  1376
   Form: Statue            |       |       |       |     1 |       |       ||     1

Table legend: (Time is in decaauts)
 A = Elapsed time spent in this place.
 B = Non-inter-level travel time spent in this place.
 C = Inter-level travel time spent in this place.
 D = Time resting spent in this place.
 E = Time spent auto-exploring this place.
 F = Levels seen in this place.
 G = Mean time per level.
                   A        B        C        D        E       F      G
               +--------+--------+--------+--------+--------+-----+--------+
         Total |  29746 |  28267 |   1479 |   3754 |  18248 |  28 | 1062.4 |
       Dungeon |  17098 |  16192 |    906 |   1651 |  11427 |  15 | 1139.9 |
          Lair |   5709 |   5323 |    386 |    253 |   3886 |   5 | 1141.8 |
         Swamp |   2808 |   2734 |     74 |    566 |   1392 |   3 |  936.0 |
  Orcish Mines |   1861 |   1750 |    111 |    140 |   1133 |   2 |  930.5 |
        Bailey |    462 |    462 |      0 |    151 |    138 |   1 |  462.0 |
      Ice Cave |    793 |    793 |      0 |    354 |    139 |   1 |  793.0 |
      Gauntlet |   1012 |   1012 |      0 |    638 |    133 |   1 | 1012.0 |
               +--------+--------+--------+--------+--------+-----+--------+

Top non-repeatable levels by time:
    D:12: 1740 daAuts
  Lair:2: 1674 daAuts
     D:8: 1554 daAuts
    D:10: 1470 daAuts
    D:11: 1441 daAuts
   Orc:2: 1370 daAuts
     D:5: 1368 daAuts
  Lair:3: 1098 daAuts
 Swamp:1: 1063 daAuts
     D:9: 1047 daAuts
    D:15: 1026 daAuts
  Lair:5: 1015 daAuts
Gauntlet: 1012 daAuts
    D:14: 1010 daAuts
  Lair:4: 988 daAuts
